AoeStats
← albanplumed

Arena

505104016Analyzed
3v3 RM · 23d ago on Sep 7, 2026· 36m 24s· 6 players
Game mode
Random Map
Map size
Normal (6 player)
Population
200
Speed
Normal
Resources
Standard
Victory
Conquest
Starting age
Dark Age
Ending age
Imperial Age
RankedLock teamsTeams togetherTeam positionsShared explorationLock speedFull tech treeHidden civsTurbo modeCheats
Victory
Defeat
🇮🇹 Slavs · Italy
1485
+10
🇬🇧 Malay · United Kingdom
1413
+12
🇨🇱 Italians · Chile
1263
+18
🇹🇷 Spanish · Türkiye
1381
-15
🇹🇷 Persians · Türkiye
1310
-13
🇹🇷 Koreans · Türkiye
1306
-12
God Of The Sea People
6:20 Loom
9:22 Feudal Age
8:59 Double-Bit Axe
10:02 Horse Collar
14:03 Wheelbarrow
21:39 Castle Age
19:59 Gold Mining
21:48 Bow Saw
21:39 Heavy Plow
22:16 Gold Shaft Mining
23:35 Scale Barding Armor
27:07 Husbandry
27:12 Pikeman
35:49 Forging
GdR_Tuna
11:10 Feudal Age
14:55 Castle Age
13:00 Double-Bit Axe
14:09 Horse Collar
15:57 Bow Saw
27:21 Fletching
28:25 Wheelbarrow
27:36 Loom
31:08 Imperial Age
31:56 Hand Cart
31:27 Town Watch
32:11 Scale Mail Armor
32:21 Forging
33:23 Chemistry
32:08 Pikeman
33:11 Halberdier
33:51 Squires
[CL] Capitalista
9:50 Feudal Age
15:03 Castle Age
14:28 Fletching
14:35 Fletching
15:50 Double-Bit Axe
17:52 Bodkin Arrow
19:25 Gold Mining
23:06 Padded Archer Armor
27:32 Leather Archer Armor
28:21 Wheelbarrow
28:18 Bow Saw
29:42 Ballistics
32:42 Imperial Age
30:05 Loom
31:03 Stone Mining
31:14 Horse Collar
31:20 Treadmill Crane
32:17 Loom
33:32 Stone Shaft Mining
34:47 Bracer
35:18 Ring Archer Armor
35:21 Murder Holes
37:23 Chemistry
ysk
4:55 Loom
11:04 Feudal Age
14:59 Castle Age
14:18 Double-Bit Axe
16:49 Bow Saw
17:57 Horse Collar
29:14 Imperial Age
31:03 Scale Mail Armor
33:58 Wheelbarrow
Sem
11:11 Feudal Age
12:31 Loom
15:09 Castle Age
13:55 Double-Bit Axe
14:22 Town Watch
17:22 Fletching
21:21 Padded Archer Armor
25:23 Bodkin Arrow
32:39 Gold Mining
32:39 Stone Mining
33:08 Bow Saw
32:40 Horse Collar
albanplumed
10:58 Feudal Age
14:42 Castle Age
12:36 Horse Collar
14:14 Double-Bit Axe
17:52 Husbandry
20:08 Loom
20:44 Bloodlines
21:21 Scale Barding Armor
23:47 Wheelbarrow
24:08 Bow Saw
24:11 Heavy Plow
25:27 Forging
25:42 Gold Mining
28:18 Hand Cart
32:49 Gold Shaft Mining
33:05 Chain Barding Armor
36:06 Iron Casting
39:18 Imperial Age
Connection lost

Rejoining the realm…

Still unreachable

The connection could not be restored.

Session expired

The server has moved on; the page needs a fresh start.